[Event "USA-ch Women 2024"]
[Site "Saint Louis"]
[Date "2024.10.11"]
[Round "1.1"]
[White "Abrahamyan, Tatev"]
[Black "Lee, Alice"]
[Result "1/2-1/2"]
[ECO "B51"]
[WhiteElo "2327"]
[BlackElo "2395"]
[Annotator "RC"]
[PlyCount "139"]
[EventDate "2024.10.09"]
[EventType "tourn"]
[EventCountry "USA"]
[SourceTitle "playchess.com"]
[Source "ChessBase"]
[SourceQuality "1"]
[TimeControl "40/5400+30:1800+30"]

1. e4 c5 2. Nf3 Nc6 3. Bb5 d6 4. O-O Bd7 5. Re1 Nf6 6. c3 a6 7. Bf1 Bg4 8. h3 Bxf3 9. Qxf3 e6 10. d3 Be7 11. Be3 d5 12. Bg5 O-O 13. exd5 Nxd5 14. Bxe7 Qxe7 15. Nd2 Rfd8 16. Rad1 b5 17. Nb3 Rac8 18. d4 cxd4 19. Nxd4 Qc7 20. Nxc6 Qxc6 21. Rd4 Ne7 22. Qd3 Rxd4 23. Qxd4 Nf5 24. Qd2 g6 25. Rd1 Kg7 26. Qe2 Qc5 27. Rd3 Ne7 28. g3 Nc6 29. Bg2 Ne5 30. Rd4 Nc4 31. Bb7 Rc7 32. Bxa6 e5 33. Rd1 Ra7 34. b3 Na3 35. c4 Rxa6 36. Rd5 Qc7 37. cxb5 Re6 38. Qb2 Qb7 39. Rxe5 Rxe5 40. Qxe5+ f6 41. Qc5 Nxb5 42. a4 Na7 43. b4 Nc6 44. b5 Ne5 45. b6 Nf3+ 46. Kf1 Nd2+ 47. Kg1 Ne4 48. Qd4 Ng5 49. Qc5 Ne4 50. Qd4 Qc6 51. Qb2 Nc5 52. a5 Nd3 53. Qd2 Ne5 54. Qb2 Nf3+ 55. Kf1 Qc4+ 56. Kg2 Ne1+ 57. Kg1 Nf3+ 58. Kg2 Ne1+ 59. Kg1 Qe4 60. Kf1 Qh1+ 61. Ke2 Qe4+ 62. Kf1 Nd3 63. Qc2 Qe1+ 64. Kg2 Qxa5 65. Qxd3 Qxb6 66. Qd7+ Kg8 67. Qe8+ Kg7 68. Qd7+ Kg8 69. Qe8+ Kg7 70. Qd7+ 1/2-1/2

[Event "USA-ch Women 2024"]
[Site "Saint Louis"]
[Date "2024.10.11"]
[Round "1.2"]
[White "Paikidze, Nazi"]
[Black "Tokhirjonova, Gulrukhbegim"]
[Result "0-1"]
[ECO "D45"]
[WhiteElo "2314"]
[BlackElo "2374"]
[Annotator "TA"]
[PlyCount "110"]
[EventDate "2024.10.09"]
[EventType "tourn"]
[EventCountry "USA"]
[SourceTitle "playchess.com"]
[Source "ChessBase"]
[SourceQuality "1"]
[TimeControl "40/5400+30:1800+30"]

1. d4 d5 2. c4 c6 3. Nf3 Nf6 4. e3 a6 5. Nc3 e6 6. c5 b6 7. cxb6 Qxb6 8. Bd3 Nbd7 {[%emt 0:01:14] The position is equal.} 9. O-O c5 10. Na4 Qa7 11. b3 cxd4 12. exd4 Bd6 {[%emt 0:00:22] Prevents Ne5} 13. Bb2 O-O 14. Rc1 Ne4 (14... Bb7 $11) 15. Bxe4 (15. Ne5 $16) 15... dxe4 $14 16. Ne5 {[%emt 0:00:26] next Nc6 is good for White.} Nf6 17. Qe2 a5 18. Nc5 Bb7 19. Nc4 {[%emt 0:07:44] A dynamic duo of knights.} Bf4 20. Rce1 Bd5 21. Nd2 ({White should play} 21. g3 $11 Bc7 22. Rc1) 21... Qb8 22. g3 Bxd2 23. Qxd2 Rd8 24. Rc1 h5 25. Qg5 a4 26. Rfe1 (26. Nxa4 $2 Rxa4 27. bxa4 Qxb2 $19) (26. Rfd1 $11 {remains equal.}) 26... axb3 $17 27. a3 Ra7 28. h3 Qa8 29. Rc3 Ra5 30. g4 Bc6 ({Better is} 30... hxg4 $17 31. hxg4 Rxa3 (31... Nh7 32. Qf4 $17) 32. Bxa3 Qxa3 33. Nxb3 Bxb3) 31. Qh4 Rd5 32. Rxb3 Qd8 33. Qg3 Ra8 {[%emt 0:00:22][%cal Oe4e3] Against Rb8. And now ...e3! would win.} 34. Qf4 hxg4 35. Nxe4 $2 (35. hxg4 $17 Nxg4 36. Rg3 (36. Qxg4 $2 Rg5 $19)) 35... Rf5 36. Nxf6+ Qxf6 $2 (36... gxf6 37. Qh2 Rh5 38. Ree3 $17) (36... Rxf6 $19 37. Qh2 Rh6) 37. Qg3 $15 {[%emt 0:00:37] aiming for d5.} Bd5 (37... gxh3 {keeps more tension.} 38. d5 Qh6 39. dxc6 Rg5) 38. hxg4 Rf4 39. Rbe3 {[%emt 0:01:41] White is weak on the light squares. Black keeps a firm grip on the game.} (39. Bc1 $1 $15 Rxg4 (39... Rxd4 40. Rb8+ Rxb8 41. Qxb8+ Kh7 42. Qh2+ Kg8 43. Qb8+ Kh7 44. Qh2+ Kg8 45. Qb8+ $11) 40. Qxg4 Bxb3 41. Re3) 39... Qg5 {[%emt 0:01:25] Black is more active.} 40. Re5 Qxg4 41. Bc1 (41. Rg5 $17 Qxg3+ 42. Rxg3) 41... Rxd4 $40 {[%emt 0:03:39][%mdl 128] ...f6 is the strong threat. Black wants a kill.} (41... Qxg3+ 42. fxg3 Rxd4 43. Rg5) 42. Bb2 $2 {[%emt 0:05:37] [#]} (42. Rg5 Qxg3+ 43. Rxg3) 42... Qh4 $1 $19 43. Qxh4 Rxh4 44. f3 (44. Kf1 $142) 44... Bxf3 45. Rb5 Rd8 46. Kf2 Bc6 {[%emt 0:00:10] White must now prevent ...Rh2+.} 47. Rb6 Rf4+ 48. Kg3 Rc4 (48... Rf3+ $142 49. Kh4 Bd5) 49. Re3 $2 (49. Kf2) 49... Rd2 50. Kh3 Kh7 (50... Bg2+ $142 51. Kh2 Rh4+ 52. Kg3 Rh3+ 53. Kf4 Rf2+ 54. Ke5 Rxe3+ 55. Kd6 Rd3+ 56. Ke7 Bd5 57. Rb8+ Kh7) 51. Rg3 {[%emt 0:00:55] [#]} e5 $1 52. Re3 (52. Rxc6 Rxc6) 52... g5 (52... Bg2+ $142 53. Kh2 Rh4+ 54. Kg3 Rh3+ 55. Kg4 Rxe3 56. Bxe5 Rxe5 57. Kf4 Re4+ 58. Kg3 Re3+ 59. Kf4 Rde2 (59... Rxa3 {gets mated.} 60. Rb4 Kg6 61. Ra4 Rf3+ 62. Ke4 f6 63. Rc4 Rh3+ 64. Kf4 Rf2+ 65. Kg4 f5#) 60. Rb4 Rf3+ (60... Rxa3 {is a self mate.} 61. Kf5 f6 62. Rh4+ Kg8 63. Rb4 Bh3+ 64. Kg6 Rg3+ 65. Kh5 Bc8 66. Rf4 Rh2+ 67. Rh4 Rg5#) 61. Kg4 Kh6 (61... Rxa3 62. Kf5 Rf3+ 63. Rf4 Bh3+ 64. Kg5 f6+ 65. Kh4 g5+ 66. Kh5 gxf4 67. Kh4 Be6 68. Kh5 Rh3#) (61... f5+ {leads to mate.} 62. Kg5 Re4 63. Rxe4 fxe4 64. Kh5 e3 65. Kh4 e2 66. Kg5 e1=Q 67. a4 Qg3+ 68. Kh5 g6#) 62. Rf4 f5+ (62... Rxa3 63. Rf6+ gxf6 64. Kf4 Rf3+ 65. Kg4 Re4#) 63. Rxf5 Re4+ 64. Rf4 Rexf4#) 53. Rxc6 Rxc6 54. Bxe5 f5 {[%emt 0:00:18] ( -> ...Rh6+)} 55. Bc3 Rh6+ {[%emt 0:00:12] Weighted Error Value: White=0.72/Black=0.51.  Loses game:     	White=1     	---        Mistake:       	White=8     	Black=3      Inaccurate:     	White=6     	Black=4      OK:         	White=16    	Black=15     Best:        	White=1     	Black=4} 0-1

[Event "USA-ch Women 2024"]
[Site "Saint Louis"]
[Date "2024.10.11"]
[Round "1.3"]
[White "Pourkashiyan, Atousa"]
[Black "Krush, Irina"]
[Result "1/2-1/2"]
[ECO "B41"]
[WhiteElo "2269"]
[BlackElo "2388"]
[Annotator "TA"]
[PlyCount "111"]
[EventDate "2024.10.09"]
[EventType "tourn"]
[EventCountry "USA"]
[SourceTitle "playchess.com"]
[Source "ChessBase"]
[SourceQuality "1"]
[TimeControl "40/5400+30:1800+30"]

1. e4 c5 2. Nf3 e6 3. d4 cxd4 4. Nxd4 a6 5. c4 Nf6 6. Nc3 Qc7 7. Be2 Bb4 8. Qd3 Nc6 9. O-O O-O 10. Bg5 Be7 11. Be3 {[%emt 0:13:35] White has an edge.} d6 ({Black should play} 11... Ne5 $11 12. Bf4 d6) 12. Rac1 $14 Bd7 13. f3 {[%emt 0:15:57] White is more active.} Rfc8 14. b3 Qa5 15. a4 d5 16. exd5 (16. Nxc6 {looks sharper.} Bxc6 17. cxd5 exd5 18. e5) 16... exd5 17. Nxd5 Nxd5 18. cxd5 Qxd5 19. Nxc6 Bxc6 20. Qxd5 Bxd5 21. Bc4 Bxc4 22. Rxc4 Rxc4 23. bxc4 $11 {[%emt 0:01:01][%mdl 4096] Endgame. KRB-KRB} Rc8 24. Rb1 Rc7 25. c5 h6 26. Kf1 Bxc5 27. Bxc5 Rxc5 28. Rxb7 $15 {[%emt 0:00:07] KR-KR} Rc4 29. Rb8+ Kh7 30. Rb7 f5 31. a5 Ra4 32. Kf2 Rxa5 33. Kg3 (33. Ke3 $1 $11) 33... Rb5 (33... Ra4 $15) 34. Ra7 $11 Rb6 35. h4 Kg6 36. Kh3 h5 37. g4 (37. Rc7 $15) 37... fxg4+ 38. fxg4 hxg4+ 39. Kxg4 {[%emt 0:00:13] [#]} Kf6 (39... Rb4+ $1 $17 40. Kf3 Ra4 (40... Rxh4 41. Rxa6+ Kh5 42. Ra5+ g5 43. Ra8 $11)) 40. h5 {[%emt 0:02:45] The position is equal.} Rb4+ 41. Kf3 Ra4 42. Ke3 Ra1 43. Kf4 a5 44. Ra6+ Kf7 45. Kf5 a4 46. Ra7+ Kg8 {[%emt 0:00:06] [#] ...Kh7 is the strong threat.} 47. Kg6 Rg1+ 48. Kf5 Kh7 49. Rxa4 Kh6 50. Rh4 Rg5+ 51. Kf4 Rxh5 52. Kg4 Rxh4+ 53. Kxh4 g5+ (53... Kg6 $5 54. Kg4 $8 Kh6 $11) 54. Kg4 Kg6 55. Kg3 g4 56. Kxg4 {[%emt 0:00:05] Weighted Error Value: White=0.13 (very precise) /Black=0.11 (very precise) .  Mistake:       	White=2     	Black=3      Inaccurate:     	White=4     	Black=1      OK:         	White=20    	Black=15     Best:        	White=4     	Black=2} 1/2-1/2

[Event "USA-ch Women 2024"]
[Site "Saint Louis"]
[Date "2024.10.11"]
[Round "1.4"]
[White "Lee, Megan"]
[Black "Yu, Jennifer"]
[Result "1/2-1/2"]
[ECO "B75"]
[WhiteElo "2253"]
[BlackElo "2267"]
[Annotator "RC"]
[PlyCount "88"]
[EventDate "2024.10.09"]
[EventType "tourn"]
[EventCountry "USA"]
[SourceTitle "playchess.com"]
[Source "ChessBase"]
[SourceQuality "1"]
[TimeControl "40/5400+30:1800+30"]

1. e4 c5 2. Nf3 d6 3. d4 cxd4 4. Nxd4 Nf6 5. Nc3 g6 6. f3 Bg7 7. Be3 a6 8. Qd2 Nbd7 9. O-O-O b5 10. g4 Bb7 11. h4 Nb6 12. Nb3 Nc4 13. Bxc4 bxc4 14. Nd4 h5 15. g5 Nd7 16. Nde2 Ne5 17. Rhf1 O-O 18. Bd4 Qa5 19. Qe3 Qc7 20. Bxe5 dxe5 21. Nd5 Bxd5 22. Rxd5 e6 23. Qc5 Qb7 24. Rd2 Rfc8 25. Qa5 Bf8 26. c3 Bc5 27. Kb1 Be3 28. Rc2 Rc5 29. Qa4 Rb8 30. Ka1 Rb5 31. Rb1 Qc7 32. b4 cxb3 33. Rxb3 Qd6 34. Kb2 Qd3 35. c4 R5b7 36. Nc1 Bd4+ 37. Kb1 Qxf3 38. c5 Qxe4 39. c6 Rxb3+ 40. axb3 Rc8 41. Qxa6 Rc7 42. Qa5 Rc8 43. Qa6 Rc7 44. Qa5 Rc8 1/2-1/2

[Event "USA-ch Women 2024"]
[Site "Saint Louis"]
[Date "2024.10.11"]
[Round "1.5"]
[White "Zatonskih, Anna"]
[Black "Atwell, Rose"]
[Result "0-1"]
[ECO "A05"]
[WhiteElo "2312"]
[BlackElo "2185"]
[Annotator "RC"]
[PlyCount "86"]
[EventDate "2024.10.09"]
[EventType "tourn"]
[EventCountry "USA"]
[SourceTitle "playchess.com"]
[Source "ChessBase"]
[SourceQuality "1"]
[TimeControl "40/5400+30:1800+30"]

1. Nf3 Nf6 2. g3 b5 3. Bg2 Bb7 4. O-O e6 5. d3 c5 6. e4 d6 7. c3 Nbd7 8. Re1 Be7 9. Nbd2 O-O 10. d4 e5 11. dxe5 dxe5 12. b3 Qc7 13. Qe2 c4 14. bxc4 bxc4 15. Nh4 g6 16. Qxc4 Nc5 17. Qe2 Na4 18. c4 Rfd8 19. Nb3 Rac8 20. Bb2 Bb4 21. Rec1 Nxb2 22. Qxb2 Bxe4 23. c5 Bxg2 24. Nxg2 Qe7 25. Rc4 Bxc5 26. Qc2 Bxf2+ 27. Kxf2 Qe6 28. Nc5 Rxc5 29. Rxc5 Rd2+ 30. Qxd2 Ne4+ 31. Ke3 Nxd2 32. Rac1 Qd6 33. Ne1 Qd4+ 34. Ke2 e4 35. R1c3 e3 36. Rc8+ Kg7 37. Nc2 Qg4+ 38. Kxe3 Qd1 39. h4 Nf1+ 40. Kf2 Nh2 41. Ne1 Ng4+ 42. Kf1 Qd2 43. Nd3 Ne3+ 0-1

[Event "USA-ch Women 2024"]
[Site "Saint Louis"]
[Date "2024.10.11"]
[Round "1.6"]
[White "Yip, Carissa"]
[Black "Cervantes Landeiro, Thalia"]
[Result "1-0"]
[ECO "D34"]
[WhiteElo "2418"]
[BlackElo "2302"]
[Annotator "TA"]
[PlyCount "87"]
[EventDate "2024.10.09"]
[EventType "tourn"]
[EventCountry "USA"]
[SourceTitle "playchess.com"]
[Source "ChessBase"]
[SourceQuality "1"]
[TimeControl "40/5400+30:1800+30"]

1. c4 e6 2. g3 d5 3. Bg2 Nf6 4. Nf3 c5 5. O-O Nc6 6. d4 Be7 7. cxd5 exd5 8. dxc5 Bxc5 9. Bg5 O-O 10. Nc3 d4 11. Bxf6 Qxf6 12. Ne4 Qe7 13. Nxc5 Qxc5 14. Rc1 Qb6 15. b3 Re8 16. Qc2 h6 {[%emt 0:07:54] Dodges Ng5. The position is equal.} 17. Rfd1 Bg4 18. Rd2 Rad8 19. Qc5 Qxc5 20. Rxc5 Re7 (20... d3 $11 21. Rxd3 (21. exd3 $2 Nd4 $19) 21... Rxe2 22. Rxd8+ Nxd8) 21. h3 $16 {[%emt 0:01:56] White now steadily converts the win.} Be6 22. Ne1 Red7 ({Black should play} 22... Rd6) 23. Bxc6 bxc6 24. h4 (24. Rxc6 Bxh3 25. Nf3 Rd5 $14) 24... Rd6 25. Nd3 Rb8 26. Ne5 Bd5 27. Ra5 Rb7 28. Nd3 {[%emt 0:04:10] White is more active.} g5 29. f3 f6 (29... gxh4 $16 {might work better.} 30. gxh4 Be6) 30. Nc5 $18 Re7 31. Kf2 (31. Rxd4 Rxe2 32. Ne4 (32. Rxa7 f5 $11) 32... Re6 $14) 31... f5 32. Rxd4 Rf6 33. Rda4 Rff7 34. Nd3 f4 $2 {[%emt 0:00:28] [#]} (34... Rg7 35. h5 g4) 35. gxf4 {[%emt 0:00:28][%cal Bg3f4,Bf4f5][%mdl 32] White is clearly winning.} gxh4 36. e4 Be6 37. f5 Bc8 38. Ne5 Rf6 39. Ng4 ({Less strong is} 39. Rxa7 Rxe5 40. Rc7 Re8 $16) 39... Rd6 40. Rxa7 Rd2+ 41. Ke3 Rxa7 42. Rxa7 Rd8 43. Nxh6+ Kf8 44. Rh7 {[%emt 0:00:00] Weighted Error Value: White=0.02 (flawless) /Black=0.34.  Mistake:       	---       	Black=4      Inaccurate:     	---       	Black=2      OK:         	White=14    	Black=7      Best:        	White=3     	---} 1-0